AoeStats
← tosho_naldjiev

Hideout

508605054Analyzed
1v1 RM · 8d ago on Sep 23, 2026· 54m 34s· 2 players
Game mode
Random Map
Map size
Tiny (2 player)
Population
200
Speed
Normal
Resources
Standard
Victory
Conquest
Starting age
Dark Age
Ending age
Imperial Age
RankedLock teamsTeams togetherTeam positionsShared explorationLock speedFull tech treeHidden civsTurbo modeCheats
Victory
Defeat
🇧🇬 Bulgarians · Bulgaria
797
+16
🇺🇸 Danes · United States
794
-16
2SK3TCHY
13:42 Feudal Age
16:18 Double-Bit Axe
17:31 Wheelbarrow
19:30 Castle Age
17:33 Gold Mining
18:34 Stone Mining
18:28 Horse Collar
21:41 Bow Saw
21:08 Man-at-Arms
21:37 Gambesons
25:26 Hand Cart
32:06 Imperial Age
31:18 Heavy Plow
32:36 Onager
35:31 Conscription
38:28 Elite Varangian Guard
38:50 Siege Onager
39:35 Town Watch
40:21 Town Patrol
41:04 Ballistics
42:04 Chemistry
43:20 Hamask
45:58 Murder Holes
46:18 Squires
45:38 Pikeman
47:51 Forging
47:42 Scale Mail Armor
47:47 Halberdier
48:13 Arson
47:48 Elite Varangian Guard
47:54 Elite Varangian Guard
48:01 Long Swordsman
tosho_naldjiev
10:09 Feudal Age
18:12 Castle Age
16:55 Double-Bit Axe
16:52 Horse Collar
19:59 Wheelbarrow
28:19 Imperial Age
27:05 Bow Saw
28:07 Heavy Plow
29:53 Conscription
31:56 Crop Rotation
31:47 Gambesons
32:46 Hand Cart
33:38 Elite Konnik
36:08 Stirrups
37:44 Forging
37:35 Scale Mail Armor
37:41 Scale Barding Armor
39:53 Bagains
41:12 Iron Casting
40:52 Chain Mail Armor
40:58 Chain Barding Armor
46:34 Blast Furnace
46:05 Plate Mail Armor
47:39 Squires
49:10 Chemistry
49:31 Pikeman
49:57 Arson
Connection lost

Rejoining the realm…

Still unreachable

The connection could not be restored.

Session expired

The server has moved on; the page needs a fresh start.